 Dungeon Crawl Stone Soup version 0.26.1-2-gb8aa6d0cf2 (webtiles) character file.

Game seed: 18419560068553766021

57444 DearestLeader the Blocker (level 14, -16/113 HPs)
             Began as a Gnoll Fighter on Mar 15, 2021.
             Was the Champion of Cheibriados.
             Demolished by a death yak simulacrum (19 damage)
             ... animated by a necromancer
             ... in a Gauntlet.
             The game lasted 00:47:51 (21162 turns).

DearestLeader the Blocker (Gnoll Fighter)          Turns: 21162, Time: 00:47:52

Health: -16/113    AC: 15    Str: 33    XL:     14   Next: 86%
Magic:  19/24      EV: 25    Int: 30    God:    Cheibriados [******]
Gold:   1216       SH: 15    Dex: 31    Spells: 22/32 levels left

rFire    + . .     SeeInvis +   F - +5 scimitar (drain)
rCold    . . .     Faith    .   C - +1 buckler {reflect}
rNeg     . . .     Spirit   .   j - +3 scale mail {rF+}
rPois    .         Reflect  +   e - +0 hat
rElec    .         Harm     .   m - scarf {repulsion}
rCorr    .         Rampage  .   A - +0 pair of gloves
Will     +....     NoTele   +   (no boots)
Stlth    ++++......             v - amulet of reflection
HPRegen  0.28/turn              W - ring of see invisible
MPRegen  0.19/turn              H - +4 ring of evasion

@: very slightly contaminated, invisible, repel missiles, very slow
A: distributed training, antennae 1, fangs 1, talons 1, slimy green scales 1,
low mp 1, sense surroundings 2, strong nose
a: Renounce Religion, Bend Time, Temporal Distortion, Slouch, Step From Time


You were in a Gauntlet.
You worshipped Cheibriados.
Cheibriados was exalted by your worship.
You visited 3 branches of the dungeon, and saw 19 of its levels.
You also visited: Gauntlet.

You collected 1331 gold pieces.
You spent 115 gold pieces at shops.

Inventory:

Hand Weapons
 D - a +0 hunting sling
 F - a +5 scimitar of draining (weapon)
 J - a +1 scimitar of flaming
 O - a cursed +4 battleaxe of freezing
 V - a +5 trident
Missiles
 f - 3 atropa-tipped darts (quivered)
 l - 105 sling bullets
Armour
 c - a +0 kite shield
 e - a +0 hat (worn)
 j - a +3 scale mail of fire resistance (worn)
 m - a scarf of repulsion (worn)
 A - a +0 pair of gloves (worn)
 C - a +1 buckler of reflection (worn)
Magical Staves
 I - an uncursed staff of death {unknown}
Jewellery
 v - an amulet of reflection (around neck)
 H - a +4 ring of evasion (right hand)
 K - an uncursed ring of resist corrosion
 Q - the ring "Rik Zaem" {Ice Dex+4 Stlth+}
   (You bought it in a shop on level 8 of the Dungeon)

   [ring of ice]

   It enhances your ice magic.
   It affects your dexterity (+4).
   It makes you vulnerable to fire.
   It protects you from cold.
   It makes you more stealthy.
 S - an uncursed amulet of the acrobat
 T - a cursed amulet of inaccuracy {unknown}
 U - a +6 ring of strength
 W - a ring of see invisible (left hand)
Wands
 g - a wand of digging (2)
 o - a wand of paralysis (15)
 G - a wand of flame (21)
 L - a wand of iceblast (11)
Scrolls
 a - 3 scrolls of immolation
 k - 4 scrolls of enchant weapon
 n - 12 scrolls of teleportation
 q - a scroll of magic mapping
 r - 4 scrolls of fear
 s - a scroll of vulnerability
 t - 9 scrolls of amnesia
 w - 10 scrolls of remove curse
 y - 3 scrolls of blinking
 E - 2 scrolls of fog
 P - a scroll of summoning
 R - a scroll of acquirement {unknown}
Potions
 b - 8 potions of curing
 d - 5 potions of might
 i - 8 potions of brilliance
 p - 7 potions of lignification
 u - 3 potions of flight
 x - a potion of mutation
 z - a potion of magic
 B - 3 potions of heal wounds
 M - 2 potions of resistance


   Skills:
 + Level 11.4 Fighting
 + Level 9.5 Short Blades
 + Level 9.5 Long Blades
 + Level 9.5 Axes
 + Level 9.5 Maces & Flails
 + Level 10.5 Polearms
 + Level 9.5 Staves
 + Level 9.5 Slings
 + Level 9.5 Bows
 + Level 9.5 Crossbows
 + Level 9.5 Throwing
 + Level 11.4 Armour
 + Level 9.5 Dodging
 + Level 9.5 Stealth
 + Level 11.4 Shields
 + Level 9.5 Unarmed Combat
 + Level 9.5 Spellcasting
 + Level 8.0 Conjurations
 + Level 8.0 Hexes
 + Level 8.0 Summonings
 + Level 8.0 Necromancy
 + Level 8.0 Translocations
 + Level 8.0 Transmutations
 + Level 8.0 Fire Magic
 + Level 8.0 Ice Magic
 + Level 8.0 Air Magic
 + Level 8.0 Earth Magic
 + Level 8.0 Poison Magic
 + Level 10.4 Invocations
 + Level 9.5 Evocations


You had 22 spell levels left.
You knew the following spells:

 Your Spells              Type           Power        Failure   Level
a - Mephitic Cloud        Conj/Pois/Air  58%          1%          3
b - Call Imp              Summ           58%          1%          2
c - Ignite Poison         Fire/Tmut/Pois 58%          1%          3
d - Poisonous Vapours     Pois/Air       100%         1%          2

Your spell library contained the following spells:

 Spells                   Type           Power        Failure   Level
 Beastly Appendage        Tmut           100%         1%          1
 Magic Dart               Conj           100%         1%          1
 Sting                    Tmut/Pois      100%         1%          1
 Blink                    Tloc           N/A          1%          2
 Slow                     Hex            58%          1%          2
 Wereblood                Tmut           58%          1%          2
 Conjure Flame            Conj/Fire      58%          1%          3
 Spider Form              Tmut/Pois      29%          1%          3
 Ice Form                 Ice/Tmut       58%          2%          4
 Leda's Liquefaction      Hex/Erth       29%          2%          4
 Olgreb's Toxic Radiance  Pois           58%          2%          4
 Blade Hands              Tmut           29%          6%          5
 Bolt of Magma            Conj/Fire/Erth 29%          6%          5
 Iron Shot                Conj/Erth      29%          34%         6
 Statue Form              Tmut/Erth      38%          34%         6
 Shatter                  Erth           29%          100%        9


Dungeon Overview and Level Annotations

Branches:
Dungeon (12/15)            Temple (1/1) D:5            Lair (6/6) D:8
  Swamp (0/4) Lair:4        Snake (0/4) Lair:2        Slime (0/5) Lair:5
    Orc (0/2) D:12        Gauntlet (1/1)

Altars:
Ashenzari
Cheibriados
Dithmenos
Elyvilon
Fedhas
Gozag
Hepliaklqana
Makhleb
Nemelex Xobeh
Okawaru
Qazlal
Ru
Sif Muna
Trog
Uskayaw
Vehumet
Wu Jian
Xom
Yredelemnul
Zin
Jiyva

Shops:
D:7 *   D:8 *   D:12 (

Portals:
Abyss: D:8

Annotations:
D:6 3 runed translucent doors, Paulthewizard's ghost, novice DECj
D:8 2 transporters, Gnirx's ghost, novice GrEE
D:11 3 runed translucent doors, Sackgasse's ghost, journeyman MiBe Gauntlet 9 transporters


Innate Abilities, Weirdness & Mutations

Your experience applies equally to all skills.
You have very sharp teeth.
Your uncanny sense of smell can sniff out nearby items.
You have a pair of small antennae on your head.
You have sharp toenails.
You are partially covered in slimy green scales. (AC +2)
Your magical capacity is low. (-10% MP)
You passively map the area around you.


Message History

You slash the death yak! You claw the death yak!
The death yak bellows!
You bite the death yak, but do no damage.
The death yak is almost dead.
The death yak is engulfed in blazing flames. x2
You kill the death yak!
Cheibriados thoroughly appreciates the change of pace.
A freezing mist starts to gather...
A death yak simulacrum comes into view.
The death yak bellows!
You hit the death yak simulacrum. You claw the death yak simulacrum.
You bite the death yak simulacrum.
The death yak simulacrum is moderately damaged.
The death yak is engulfed in blazing flames. x2
You slice the death yak simulacrum!! You claw the death yak simulacrum.
The death yak simulacrum is almost destroyed.
The death yak simulacrum gores you!!
* * * LOW HITPOINT WARNING * * *
The death yak simulacrum freezes you!!
You die...

## ### ### ### ###
##≈###≈###≈###≈###≈##
#≈≈≈#≈≈≈#≈≈≈#≈≈≈#≈≈≈####
#≈..................≈≈#
##...#########.P.PP..≈#
##≈.♣.#...Y°°.#.♣P.PP..####
#≈≈...##..##YZ#.....PP..≈≈#
##≈...###..##@###.♣P♣.♣..≈#
##...#©##©p###©#.........####
##≈.♣.#$.##..##.#########..≈≈#
#≈≈.P.#[:.##..#.#.....#Z#...≈#
##≈...#p......#.#?###.#.#....#
##.P.#########.#...###.###...
##≈.♣.........#©#©..©...#©#.♣. #
#≈≈.P.#########.#...###.#.#...
...##≈...#.....Xx#.#.###.#.#.#..P


You could see 2 death yaks and a death yak simulacrum.

Vanquished Creatures
  5 hydras
  A boulder beetle (D:11)
  Erica (D:9)
  3 two-headed ogres (D:8)
  2 death yaks (Gauntlet)
  Nergalle (D:11)
  An unseen horror (D:10)
  2 wolf spiders
  4 oklob plants (Lair:5)
  An ugly thing (D:11)
  16 elephants
  A guardian serpent (Lair:6)
  An eye of devastation (Gauntlet)
  12 black mambas
  13 cane toads
  4 rime drakes
  2 kobold demonologists (D:12)
  14 komodo dragons
  A troll (D:8)
  4 hornets
  18 blink frogs
  3 redbacks (Lair:6)
  2 centaur simulacra (Gauntlet)
  A vampire (D:11)
  A wraith (D:10)
  16 wyverns
  A shadow (D:12)
  3 basilisks
  58 yaks
  Eustachio (D:4)
  A golden eye (Gauntlet)
  3 nagas (Lair:2)
  21 water moccasins
  A soldier ant (D:12)
  5 orc warriors
  A sky beast (D:10)
  2 black bears
  4 phantoms
  A necrophage (D:6)
  2 ice beasts
  9 ogres
  9 wolves
  4 centaurs
  A big kobold (D:12)
  21 bullfrogs
  2 water moccasin zombies
  2 water moccasin skeletons
  A hornet simulacrum (Gauntlet)
  6 scorpions
  3 killer bees (D:11)
  13 wights
  8 electric eels
  3 howler monkeys
  2 quasits
  9 hounds
  A centaur zombie (D:5)
  3 jellies
  5 orc wizards
  A centaur skeleton (D:4)
  Jessica (D:3)
  6 iguanas
  9 worker ants
  Robin (D:3)
  24 adders
  4 shadow imps
  3 white imps
  3 ufetubi
  5 oozes
  An adder zombie (D:8)
  4 worms
  2 dart slugs
  8 leopard geckos
  36 orcs
  3 bats (D:3)
  9 giant cockroaches
  21 goblins
  10 hobgoblins
  23 jackals
  6 quokkas
  2 ball pythons
  11 frilled lizards
  A giant cockroach zombie (D:6)
  A jackal zombie (D:8)
  14 kobolds
  2 quokka skeletons
  15 rats
562 creatures vanquished.

Vanquished Creatures (collateral kills)
  An orc priest (D:12)
1 creature vanquished.

Vanquished Creatures (others)
  2 electric eels (Lair:4)
  62 fungi
  106 plants
170 creatures vanquished.

Grand Total: 733 creatures vanquished

Notes
Turn   | Place    | Note
-------+----------+-------------------------------------------
     0 | D:1      | DearestLeader the Gnoll Fighter began the quest for the
                  | Orb.
     0 | D:1      | Reached XP level 1. HP: 23/23 MP: 1/1
     2 | D:1      | Noticed a centaur
     2 | D:1      | Noticed a gargoyle
     4 | D:1      | Noticed a human
     4 | D:1      | Noticed a tengu
     6 | D:1      | Noticed an ogre
     6 | D:1      | Noticed a demonspawn
     8 | D:1      | Noticed a dwarf
     8 | D:1      | Noticed a formicid
    10 | D:1      | Noticed a halfling
    10 | D:1      | Noticed a felid
    12 | D:1      | Noticed an octopode
    14 | D:1      | Noticed a minotaur
    16 | D:1      | Noticed a spriggan
    16 | D:1      | Noticed an elf
    18 | D:1      | Noticed a demigod
    53 | D:1      | Noticed a troll
    53 | D:1      | Noticed a naga
    55 | D:1      | Noticed a merfolk
    55 | D:1      | Noticed a vampire
    57 | D:1      | Noticed a ghoul
    59 | D:1      | Noticed a vine stalker
    59 | D:1      | Noticed a draconian
   118 | D:1      | Reached XP level 2. HP: 29/29 MP: 2/2
   273 | D:1      | Reached XP level 3. HP: 35/35 MP: 3/3
   420 | D:1      | Reached skill level 1 in Invocations
   709 | D:2      | Reached skill level 1 in Short Blades
   709 | D:2      | Reached skill level 1 in Long Blades
   709 | D:2      | Reached skill level 1 in Axes
   709 | D:2      | Reached skill level 1 in Maces & Flails
   709 | D:2      | Reached skill level 1 in Staves
   709 | D:2      | Reached skill level 1 in Slings
   709 | D:2      | Reached skill level 1 in Bows
   709 | D:2      | Reached skill level 1 in Crossbows
   709 | D:2      | Reached skill level 1 in Throwing
   709 | D:2      | Reached skill level 1 in Dodging
   709 | D:2      | Reached skill level 1 in Stealth
   709 | D:2      | Reached skill level 1 in Unarmed Combat
   709 | D:2      | Reached skill level 1 in Spellcasting
   709 | D:2      | Reached skill level 1 in Evocations
   709 | D:2      | Reached XP level 4. HP: 41/41 MP: 5/5
  1174 | D:2      | Reached skill level 1 in Conjurations
  1174 | D:2      | Reached skill level 1 in Hexes
  1174 | D:2      | Reached skill level 1 in Summonings
  1174 | D:2      | Reached skill level 1 in Necromancy
  1174 | D:2      | Reached skill level 1 in Translocations
  1174 | D:2      | Reached skill level 1 in Transmutations
  1174 | D:2      | Reached skill level 1 in Fire Magic
  1174 | D:2      | Reached skill level 1 in Ice Magic
  1174 | D:2      | Reached skill level 1 in Air Magic
  1174 | D:2      | Reached skill level 1 in Earth Magic
  1174 | D:2      | Reached skill level 1 in Poison Magic
  1443 | D:3      | Reached XP level 5. HP: 47/47 MP: 6/6
  1797 | D:3      | Noticed Jessica
  1810 | D:3      | Killed Jessica
  2263 | D:3      | Noticed Robin
  2285 | D:3      | Killed Robin
  2508 | D:4      | Reached XP level 6. HP: 53/53 MP: 8/8
  2831 | D:4      | Reached skill level 5 in Polearms
  3212 | D:4      | Noticed Eustachio
  3319 | D:4      | Killed Eustachio
  3320 | D:4      | Reached XP level 7. HP: 24/60 MP: 10/10
  3602 | D:5      | Entered Level 5 of the Dungeon
  3829 | D:5      | Found a hazy altar of Hepliaklqana.
  3890 | D:5      | Found a staircase to the Ecumenical Temple.
  3907 | Temple   | Entered the Ecumenical Temple
  4003 | Temple   | Became a worshipper of Cheibriados the Contemplative
  4129 | D:5      | Reached XP level 8. HP: 67/67 MP: 12/12
  4887 | D:6      | Found a runed translucent gate.
  4887 | D:6      | Found a runed translucent gate.
  4888 | D:6      | Found a runed translucent gate.
  4890 | D:6      | Noticed a boulder beetle
  4890 | D:6      | Noticed Paulthewizard's ghost (novice DECj)
  4910 | D:6      | Reached * piety under Cheibriados
  5065 | D:6      | Found a shimmering blue altar of Sif Muna.
  5065 | D:6      | Found a blossoming altar of Fedhas.
  5065 | D:6      | Found a shadowy altar of Dithmenos.
  5533 | D:6      | Reached XP level 9. HP: 72/72 MP: 14/14
  5915 | D:7      | You fall into a shaft and drop 2 floors!
  5996 | D:8      | Noticed a two-headed ogre
  6313 | D:7      | Reached ** piety under Cheibriados
  6568 | D:7      | Reached skill level 5 in Invocations
  6620 | D:7      | Found a radiant altar of Vehumet.
  6658 | D:7      | Found Nicw's General Store.
  7178 | D:8      | Reached XP level 10. HP: 23/80 MP: 17/17
  7493 | D:8      | Reached *** piety under Cheibriados
  7552 | D:8      | Reached skill level 5 in Short Blades
  7552 | D:8      | Reached skill level 5 in Long Blades
  7552 | D:8      | Reached skill level 5 in Axes
  7552 | D:8      | Reached skill level 5 in Maces & Flails
  7552 | D:8      | Reached skill level 5 in Staves
  7552 | D:8      | Reached skill level 5 in Slings
  7552 | D:8      | Reached skill level 5 in Bows
  7552 | D:8      | Reached skill level 5 in Crossbows
  7552 | D:8      | Reached skill level 5 in Throwing
  7552 | D:8      | Reached skill level 5 in Dodging
  7552 | D:8      | Reached skill level 5 in Stealth
  7552 | D:8      | Reached skill level 5 in Unarmed Combat
  7552 | D:8      | Reached skill level 5 in Spellcasting
  7552 | D:8      | Reached skill level 5 in Evocations
  7813 | D:8      | Gained mutation: Your flesh is heat resistant. (rF+)
                  | [potion of mutation]
  7813 | D:8      | Gained mutation: You tend to lose your temper in combat.
                  | [potion of mutation]
  7813 | D:8      | Lost mutation: Your flesh is heat resistant. (rF+) [potion
                  | of mutation]
  7813 | D:8      | Gained mutation: You are agile. (Dex +2) [potion of
                  | mutation]
  7878 | D:8      | Killed a two-headed ogre
  8302 | D:8      | Found a staircase to the Lair.
  8384 | D:8      | Noticed a two-headed ogre
  8392 | D:8      | Killed a two-headed ogre
  8418 | D:8      | Found a transporter.
  8515 | D:8      | Found a one-way gate to the infinite horrors of the Abyss.
  8515 | D:8      | Noticed Gnirx's ghost (novice GrEE)
  8547 | D:8      | Noticed a two-headed ogre
  8549 | D:8      | Found a transporter.
  8566 | D:8      | Killed a two-headed ogre
  8766 | D:8      | Identified the +10 whip "Erphoew" {distort, Int+5 Dex-2}
  9134 | D:8      | Reached XP level 11. HP: 87/87 MP: 19/19
  9246 | D:8      | Found Zyacium's Assorted Antiques.
  9253 | D:8      | Bought a bound lapis lazuli ring for 115 gold pieces
  9253 | D:8      | Identified the ring "Rik Zaem" {Ice Dex+4 Stlth+} (You
                  | bought it in a shop on level 8 of the Dungeon)
  9304 | D:9      | Lost mutation: You tend to lose your temper in combat.
                  | [potion of mutation]
  9304 | D:9      | Lost mutation: You are agile. (Dex +2) [potion of mutation]
  9304 | D:9      | Gained mutation: You have a pair of small antennae on your
                  | head. [potion of mutation]
  9304 | D:9      | Gained mutation: Your magical capacity is low. (-10% MP)
                  | [potion of mutation]
  9304 | D:9      | Gained mutation: You have sharp toenails. [potion of
                  | mutation]
  9373 | D:9      | Reached **** piety under Cheibriados
  9450 | D:9      | Learned a level 3 spell: Mephitic Cloud
  9662 | D:9      | Noticed Erica
  9681 | D:9      | Killed Erica
  9682 | D:9      | Reached skill level 5 in Conjurations
  9682 | D:9      | Reached skill level 5 in Hexes
  9682 | D:9      | Reached skill level 5 in Summonings
  9682 | D:9      | Reached skill level 5 in Necromancy
  9682 | D:9      | Reached skill level 5 in Translocations
  9682 | D:9      | Reached skill level 5 in Transmutations
  9682 | D:9      | Reached skill level 5 in Fire Magic
  9682 | D:9      | Reached skill level 5 in Ice Magic
  9682 | D:9      | Reached skill level 5 in Air Magic
  9682 | D:9      | Reached skill level 5 in Earth Magic
  9682 | D:9      | Reached skill level 5 in Poison Magic
  9772 | D:9      | Learned a level 2 spell: Call Imp
  9888 | D:9      | Found a bloodstained altar of Trog.
  9998 | D:10     | Entered Level 10 of the Dungeon
 10114 | D:10     | Reached ***** piety under Cheibriados
 10566 | D:10     | Killed an unseen horror
 10751 | Lair:1   | Entered Level 1 of the Lair of Beasts
 10857 | Lair:1   | Noticed a wolf spider
 10862 | Lair:1   | Reached XP level 12. HP: 75/96 MP: 20/20
 11480 | Lair:1   | Lost mutation: You have sharp toenails. [potion of
                  | mutation]
 11480 | Lair:1   | Gained mutation: You have sharp toenails. [potion of
                  | mutation]
 11480 | Lair:1   | Gained mutation: You passively map a small area around you.
                  | [potion of mutation]
 11480 | Lair:1   | Gained mutation: You are partially covered in slimy green
                  | scales. (AC +2) [potion of mutation]
 11480 | Lair:1   | Gained mutation: You passively map the area around you.
                  | [potion of mutation]
 12898 | Lair:2   | Reached skill level 10 in Fighting
 12898 | Lair:2   | Reached skill level 10 in Armour
 12898 | Lair:2   | Reached skill level 10 in Shields
 13262 | Lair:2   | Found a staircase to the Snake Pit.
 13679 | Lair:3   | Reached XP level 13. HP: 86/103 MP: 16/22
 14154 | Lair:4   | Reached ****** piety under Cheibriados
 14359 | Lair:4   | Found a staircase to the Swamp.
 14378 | Lair:4   | Learned a level 3 spell: Ignite Poison
 15594 | Lair:5   | Learned a level 2 spell: Poisonous Vapours
 16521 | Lair:5   | Found a staircase to the Slime Pits.
 17250 | Lair:6   | Entered Level 6 of the Lair of Beasts
 17272 | Lair:5   | Reached XP level 14. HP: 103/111 MP: 24/24
 17318 | Lair:6   | Reached skill level 10 in Polearms
 18293 | Lair:6   | Reached skill level 10 in Invocations
 19917 | D:11     | Found a runed translucent gate.
 19918 | D:11     | Found a runed translucent gate.
 19960 | D:11     | Found a runed translucent gate.
 19964 | D:11     | Found a viscous altar of Jiyva.
 19964 | D:11     | Noticed Sackgasse's ghost (journeyman MiBe)
 20094 | D:11     | Noticed Nergalle
 20105 | D:11     | Killed Nergalle
 20571 | D:12     | Found a staircase to the Orcish Mines.
 20641 | D:12     | Found Ysugimpecyte's Weapon Shoppe.
 20719 | D:12     | Found a gate leading to a gauntlet.
 20728 | Gauntlet | Entered a Gauntlet
 20728 | Gauntlet | Found a transporter.
 20743 | Gauntlet | Found a transporter.
 20746 | Gauntlet | Found a transporter.
 20757 | Gauntlet | Found a transporter.
 20760 | Gauntlet | Found a transporter.
 20781 | Gauntlet | Found a transporter.
 20789 | Gauntlet | Found a transporter.
 20802 | Gauntlet | Found a transporter.
 20813 | Gauntlet | Found a transporter.
 20818 | Gauntlet | Found a transporter.
 20834 | Gauntlet | Found a transporter.
 20844 | Gauntlet | Found a transporter.
 20898 | Gauntlet | Found a transporter.
 20901 | Gauntlet | Found a transporter.
 21162 | Gauntlet | HP: 3/113 [death yak simulacrum[a necromancer] (18)]
 21162 | Gauntlet | Demolished by a death yak simulacrum

Illustrated notes

Levels and vault maps discovered:
D:1:      kb_arrival_jail, layout_basic, st_stairs_11
D:2:      layout_loops_ring, st_stairs_5, nrook_mini_vaults
D:3:      kennysheep_goblin_castle, layout_basic, uniq_jessica, uniq_robin
D:4:      layout_loops_ring, uniq_eustachio
D:5:      layout_loops_ring, minmay_temple_entry_drinking_statues,
          lemuel_altar_in_water
D:6:      layout_loops_cross, gammafunk_temple_overflow_claw,
          gammafunk_ghost_split
D:7:      layout_rooms, serial_shops, shop, vehumet_altar_wand_db
D:8:      layout_basic, erik_lair_island, gammafunk_ghost_abyssal_escape,
          serial_shops, shop
D:9:      layout_roguey, bloody_trog, uniq_erica
D:10:     layout_loops_ring
D:11:     layout_loops_ring, gammafunk_ghost_ooze, uniq_nergalle
D:12:     layout_irregular_city, orc_0_dummy, serial_shops, shop,
          gauntlet_entry_generic
Temple:   regret_index_temple_mists
Lair:1:   minmay_lair_venomous_thicket, layout_layer_cave
Lair:2:   nzn_winding_woodlands_three_and_one
          [nzn_winding_woodlands_5x15_longhouse,
          nzn_winding_woodlands_5x15_sidewinder,
          nzn_winding_woodlands_5x15_cabin, nzn_winding_woodlands_center_lodge],
          layout_chaotic_city, minmay_snake_entry_guardpost_medium
Lair:3:   layout_misc_corridors, grunt_megastairs_3
Lair:4:   layout_small_grid, minmay_swamp_entry_eels, beast_lair_carwin_10,
          serial_bayou_shore_a
Lair:5:   layout_regular_city, minmay_slime_entry_oklob_enclosed, st_stairs_4
Lair:6:   hangedman_lair_tendril_chambers, layout_layer_cave
Gauntlet: minmay_gauntlet_77_tree [minmay_gauntlet_arena_77_block_sizes,
          minmay_gauntlet_arena_77_radiant_squares,
          minmay_gauntlet_arena_77_mirror,
          minmay_gauntlet_arena_77_double_cross,
          minmay_gauntlet_arena_77_tiled_triplets, minmay_gauntlet_arena_77_box,
          minmay_gauntlet_arena_77_two_lines,
          nicolae_gauntlet_exit_dead_adventurers]

Skill      XL: |  1  2  3  4  5  6  7  8  9 10 11 12 13 14 |
---------------+-------------------------------------------+-----
Invocations    | 1 2 3 4 5 6 7 8 9 10 | 10.4
Short Blades   | 1 2 3 4 5 6 7 8 9 |  9.5
Long Blades    | 1 2 3 4 5 6 7 8 9 |  9.5
Axes           | 1 2 3 4 5 6 7 8 9 |  9.5
Maces & Flails | 1 2 3 4 5 6 7 8 9 |  9.5
Staves         | 1 2 3 4 5 6 7 8 9 |  9.5
Slings         | 1 2 3 4 5 6 7 8 9 |  9.5
Bows           | 1 2 3 4 5 6 7 8 9 |  9.5
Crossbows      | 1 2 3 4 5 6 7 8 9 |  9.5
Throwing       | 1 2 3 4 5 6 7 8 9 |  9.5
Dodging        | 1 2 3 4 5 6 7 8 9 |  9.5
Stealth        | 1 2 3 4 5 6 7 8 9 |  9.5
Unarmed Combat | 1 2 3 4 5 6 7 8 9 |  9.5
Spellcasting   | 1 2 3 4 5 6 7 8 9 |  9.5
Evocations     | 1 2 3 4 5 6 7 8 9 |  9.5
Conjurations   | 1 2 3 4 5 6 7 8 |  8.0
Hexes          | 1 2 3 4 5 6 7 8 |  8.0
Summonings     | 1 2 3 4 5 6 7 8 |  8.0
Necromancy     | 1 2 3 4 5 6 7 8 |  8.0
Translocations | 1 2 3 4 5 6 7 8 |  8.0
Transmutations | 1 2 3 4 5 6 7 8 |  8.0
Fire Magic     | 1 2 3 4 5 6 7 8 |  8.0
Ice Magic      | 1 2 3 4 5 6 7 8 |  8.0
Air Magic      | 1 2 3 4 5 6 7 8 |  8.0
Earth Magic    | 1 2 3 4 5 6 7 8 |  8.0
Poison Magic   | 1 2 3 4 5 6 7 8 |  8.0
Polearms       | 5 6 7 8 9 10 | 10.5
Fighting       | 7 8 9 10 11 | 11.4
Armour         | 7 8 9 10 11 | 11.4
Shields        | 7 8 9 10 11 | 11.4

Action                   |  1- 3 |  4- 6 |  7- 9 | 10-12 | 13-15 || total
-------------------------+-------+-------+-------+-------+-------++-------
Melee: Trident           |    81 |   336 |   302 |       |       ||   719
       Bite              |     8 |    36 |    87 |   130 |   113 ||   374
       Falchion          |       |       |   232 |   238 |       ||   470
       Scimitar          |       |       |       |   314 |   518 ||   832
       Kick              |       |       |       |   227 |   355 ||   582
 Fire: Hunting sling     |       |    16 |    17 |    77 |    14 ||   124
 Cast: Mephitic Cloud    |       |       |       |     4 |    13 ||    17
       Call Imp          |       |       |       |     1 |     1 ||     2
       Ignite Poison     |       |       |       |       |    13 ||    13
       Poisonous Vapours |       |       |       |       |     6 ||     6
Invok: Slouch            |       |       |       |     3 |     2 ||     5
Evoke: Wand              |       |       |       |       |     1 ||     1
  Use: Scroll            |       |     5 |     6 |     7 |    12 ||    30
       Potion            |       |       |       |     5 |     1 ||     6
 Stab: Sleeping          |       |       |     2 |    15 |     9 ||    26
       Confused          |       |       |       |     6 |     6 ||    12
       Distracted        |       |       |       |       |     4 ||     4
Armor: Scale mail        |    22 |   109 |   112 |    95 |    77 ||   415
Dodge: Dodged            |    11 |   113 |   160 |   213 |   350 ||   847
       Repelled          |       |       |       |     5 |    14 ||    19
Block: Kite shield       |    34 |   209 |   435 |   552 |   477 ||  1707
       Reflection        |       |       |    13 |     1 |    10 ||    24
       Buckler           |       |       |       |       |    85 ||    85
       Rpst.: Falchion   |       |       |    13 |    14 |       ||    27
       Scimitar          |       |       |       |    36 |    85 ||   121
